AoeStats
← joosephy

Pilgrims

508636089Analyzed
2v2 RM · 9d ago on Sep 23, 2026· 17m 22s· 4 players
Game mode
Random Map
Map size
Medium (4 player)
Population
200
Speed
Normal
Resources
Standard
Victory
Conquest
Starting age
Dark Age
Ending age
Imperial Age
RankedLock teamsTeams togetherTeam positionsShared explorationLock speedFull tech treeHidden civsTurbo modeCheats
Victory
Defeat
🇫🇮 Maya · Finland
1716
+7
🇹🇼 Khmer · Taiwan
1594
+12
🇹🇼 Armenians · Taiwan
1513
-10
🇹🇼 Varangians · Taiwan
1496
-9
joosephy
5:08 Loom
13:27 Feudal Age
16:39 Castle Age
15:03 Double-Bit Axe
15:55 Gold Mining
Sunset
4:11 Loom
10:05 Feudal Age
14:05 Castle Age
12:48 Double-Bit Axe
17:04 Fletching
ALmotema
4:13 Loom
11:24 Feudal Age
11:59 Gold Mining
11:56 Double-Bit Axe
13:55 Fletching
19:42 Castle Age
Evlstn
3:56 Loom
4:00 Loom
12:28 Feudal Age
12:39 Man-at-Arms
14:18 Double-Bit Axe
17:33 Castle Age
15:55 Forging
15:52 Scale Barding Armor
15:54 Fletching
16:43 Gold Mining
Connection lost

Rejoining the realm…

Still unreachable

The connection could not be restored.

Session expired

The server has moved on; the page needs a fresh start.